 Dungeon Crawl Stone Soup version 0.28.0-45-g0d030f2227 (webtiles) character file.

Game seed: 15953710482142684086

55 MisterFreud the Cudgeller (level 3, 0/31 HPs)
             Began as a Palentonga Fighter on Apr 20, 2022.
             Slain by Terence
             ... wielding a +0 trident
              (6 damage)
             ... on level 2 of the Dungeon.
             The game lasted 00:01:35 (1747 turns).

MisterFreud the Cudgeller (Palentonga Fighter)      Turns: 1747, Time: 00:01:36

Health: 0/31       AC:  6    Str: 19    XL:     3   Next: 67%
Magic:  3/3        EV:  7    Int:  8    God:
Gold:   75         SH:  4    Dex: 11    Spells: 2/2 levels left

rFire   . . .      SeeInvis +   a - +0 flail
rCold   . . .      Faith    .   c - +0 buckler
rNeg    . . .      Spirit   .   b - +0 scale mail
rPois   .          Reflect  .   (no helmet)
rElec   .          Harm     .   (no cloak)
rCorr   .          Rampage  .   (no gloves)
Will    .....                   (no barding)
Stlth   ..........              (no amulet)
HPRegen 0.10/turn               (no ring)
MPRegen 0.08/turn               (no ring)

@: no status effects
A: large, rugged brown scales 3, see invisible, deformed body, roll 1, armoured
tail
a: Rolling Charge


You were on level 2 of the Dungeon.
You visited 1 branch of the dungeon, and saw 2 of its levels.

You collected 75 gold pieces.

Inventory:

Hand Weapons
 a - a +0 flail (weapon)
Armour
 b - a +0 scale mail (worn)
 c - a +0 buckler (worn)
Scrolls
 e - a scroll of holy word {unknown}
 f - 4 scrolls of identify {unknown}
 i - a scroll of noise {unknown}
 j - a scroll of enchant armour {unknown}
 k - a scroll of magic mapping {unknown}
Potions
 d - a potion of might
 g - a potion of attraction {unknown}
 h - a potion of curing {unknown}


   Skills:
 - Level 3.1 Fighting
 + Level 3.7 Maces & Flails
 - Level 2.5 Armour
 - Level 2.5 Shields


You had 2 spell levels left.
You didn't know any spells.
Your spell library was empty.

Dungeon Overview and Level Annotations

Branches:
Dungeon (2/15)

Altars:
Trog

Annotations:
D:2 Terence


Innate Abilities, Weirdness & Mutations

You are completely covered in rugged brown scales. (AC +3, +7% HP)
You have supernaturally acute eyesight. (SInv)
Armour fits poorly on your strangely shaped body.
You can roll at nearby foes to attack.
You have a long armoured tail.


Message History

Okay, then.
Unknown command.
Okay, then.
Unknown command.
Unknown command.
Roll where?
Press: ? - help, Dir - move target, f - Terence
Aim: Terence, wielding a +0 trident, wearing a +0 scale mail and carrying a wand of digging (5)
You roll forward with a clatter of scales!
You closely miss Terence. You tail-slap Terence!
Terence is moderately wounded.
You hear a shout!
Terence hits you with a +0 trident!
Unknown command.
Unknown command.
You closely miss Terence.
Terence is moderately wounded.
Terence barely misses you.
You closely miss Terence.
Terence is moderately wounded.
Terence hits you with a +0 trident.
A kobold comes into view. It is wielding a +3 dagger.
Terence hits you with a +0 trident!
You thump Terence!
Terence is severely wounded.
You block Terence's attack.
You closely miss Terence.
Terence is severely wounded.
Terence closely misses you.
You barely miss Terence. You tail-slap Terence.
Terence is almost dead.
Terence barely misses you.
You closely miss Terence.
You tail-slap Terence, but do no damage.
Terence is almost dead.
Terence shouts, "Now you die!" Terence hits you with a +0 trident.
* * * LOW HITPOINT WARNING * * *
Terence hits you with a +0 trident.
You die...

###########
###.........##
.........#...#
###.#####.##.....#
#.....@@.K†..#.#...#
#.#.#####.####.# .##
#.# #.# # #. #.# ..
#.########. ##
#..........
#..######## #..#
#..#


You could see Terence and a kobold.

Vanquished Creatures
  An adder (D:2)
  A dart slug (D:1)
  3 bats
  An endoplasm (D:1)
  A giant cockroach (D:2)
  8 goblins
  5 hobgoblins
  7 jackals
  3 quokkas
  A ball python (D:2)
  6 frilled lizards
  A rat (D:1)
38 creatures vanquished.

Notes
Turn   | Place    | Note
-------+----------+-------------------------------------------
     0 | D:1      | MisterFreud the Palentonga Fighter began the quest for the
                  | Orb.
     0 | D:1      | Reached XP level 1. HP: 19/19 MP: 1/1
   256 | D:1      | Reached XP level 2. HP: 22/25 MP: 2/2
  1101 | D:2      | Reached XP level 3. HP: 30/31 MP: 3/3
  1568 | D:2      | Found a bloodstained altar of Trog.
  1739 | D:2      | Noticed Terence
  1747 | D:2      | Slain by Terence

Illustrated notes

Levels and vault maps discovered:
D:1:      co_arrival_random_square_maze, layout_loops_cross
D:2:      layout_loops_ring, basic_altar, uniq_terence

Skill      XL: |  1  2 |
---------------+-------+-----
Maces & Flails | 3 |  3.7
Fighting       | |  3.1
Armour         | |  2.5
Shields        | |  2.5

Action                   || total
-------------------------++-------
Melee: Flail             ||   134
       Tailslap          ||    11
 Abil: Rolling Charge    ||    18
Armor: Scale mail        ||    78
Dodge: Dodged            ||    40
Block: Buckler           ||    26
